 Dungeon Crawl Stone Soup version 0.31-a0-986-g5e6e4ef867 (webtiles) character file.

Game seed: 16886650859462732467

28 Arex the Caller (level 2, 23/23 HPs)
             Began as a Demonspawn Wanderer on Nov 12, 2023.
             Got out of the dungeon alive.
             The game lasted 00:02:06 (1109 turns).

Arex the Caller (Demonspawn Wanderer)               Turns: 1109, Time: 00:02:07

Health: 23/23      AC:  2    Str: 10    XL:     2   Next: 96%
Magic:  5/5        EV: 11    Int: 16    God:
Gold:   39         SH:  0    Dex: 11    Spells: 4/5 levels left

rFire   . . .        a - +0 dagger
rCold   . . .        (no shield)
rNeg    . . .        c - +0 robe
rPois   .            (no helmet)
rElec   .            (no cloak)
rCorr   .            (no gloves)
SInv    .            (no boots)
Will    .....        (no amulet)
Stlth   +            (no ring)
HPRegen 0.23/turn    (no ring)
MPRegen 0.09/turn

%: no passive effects
@: no status effects
A: demonic magic 1
a: no special abilities


You escaped.
You visited 1 branch of the dungeon, and saw 1 of its levels.

You collected 39 gold pieces.

Inventory:

Hand Weapons
 a - a +0 dagger (weapon)
Armour
 c - a +0 robe (worn)
Scrolls
 b - a scroll of blinking
 d - a scroll of teleportation
Potions
 e - a potion of magic {unknown}
 f - a potion of degeneration {unknown}
 g - a potion of heal wounds {unknown}


   Skills:
 + Level 2.5 Fighting
 - Level 2.1 Spellcasting
 - Level 4.0 Summonings
 - Level 1.9 Fire Magic
 - Level 1.2 Evocations


You had 4 spell levels left.
You knew the following spells:

 Your Spells              Type           Power      Damage    Failure   Level
a - Summon Small Mammal   Summ           56%        N/A       3%          1

Your spell library contained the following spells:

 Spells                   Type           Power      Damage    Failure   Level
 Call Canine Familiar     Summ           14%        N/A       12%         3
 Foxfire                  Conj/Fire      16%        2x1d4     14%         1
 Summon Guardian Golem    Hex/Summ       8%         N/A       26%         3
 Inner Flame              Hex/Fire       4%         N/A       38%         3
 Dazzling Flash           Conj/Hex       2%         N/A       52%         3
 Agony                    Necr           1%         N/A       99%         5
 Silence                  Hex/Air        0%         N/A       99%         5


Dungeon Overview and Level Annotations

Branches:
Dungeon (1/15)

Altars:


Innate Abilities, Weirdness & Mutations

Spells you cast may paralyse adjacent enemies.


Message History

The giant cockroach is moderately wounded.
The giant cockroach closely misses you. The giant cockroach barely misses you.
You barely miss the giant cockroach. You punch the giant cockroach.
The giant cockroach is severely wounded.
The giant cockroach bites you.
You barely miss the giant cockroach.
The giant cockroach is severely wounded.
The giant cockroach misses you.
You hit the giant cockroach.
You kill the giant cockroach!
No target in view!
No target in view!
No target in view!
You swap places.
Your rat disappears in a puff of smoke!
Your rat disappears in a puff of smoke!
You enter the shallow water.
Moving in this stuff is going to be slow.
There is an open door here.
There is an open door here.
You open the door. You open the door.
There is an open door here.
You open the door.
Found 2 stones.
There is an open door here.
Done exploring.
Done exploring.
Done exploring.
Done exploring.
Search for what [? for help]?
Okay, then.
Search for what [? for help]? .
Okay, then.
Welcome back, Arex the Demonspawn Wanderer.
Press ? for a list of commands and other information.
There is an open door here.
There is a large open door here.
There is a staircase leading out of the dungeon here.
You have escaped!

.....~~~~≈~~~~~~≈~≈~~~≈~~~~~...#
.....~≈≈~≈≈≈≈≈~≈≈≈~≈≈≈≈≈≈≈≈≈...##
.....~≈≈≈≈≈≈≈≈≈≈≈≈≈≈≈≈≈≈≈≈≈~.....
.....~≈≈#+#+#≈≈≈≈≈≈≈#'#+#≈≈~...##
.....~≈≈+(..##+###'##..>'≈≈~...#
#....~≈≈+...#.......#...'≈≈~...#
#....~≈≈#'###.#####.#'#'#≈≈~...#
##...~≈≈≈≈'...#...#...#≈~~≈....##
#....~≈≈≈≈#.###.@.'.⌠.'~≈~..⌠...#
#....~≈≈≈≈#.###...'.⌠.'≈~≈..⌠...#
#[...~≈≈≈≈+...#...#...#≈≈≈≈.....#
#....~≈≈#+###.#####.###+#≈≈~.....
.....~≈≈+...'.......'...'≈≈~...#.
#....~≈≈+...##+###'##...'≈≈~...#.
#....~≈≈#+#+#≈≈≈≈≈≈≈#'#+#≈≈~....)
#....~≈≈≈≈≈≈≈≈≈≈≈≈≈≈≈≈≈≈≈≈≈≈...##
#....≈≈≈≈≈≈≈≈≈≈≈≈≈≈≈≈≈≈≈≈≈≈~...#


There were no monsters in sight!

Vanquished Creatures
  A dart slug (D:1)
  3 endoplasms (D:1)
  2 giant cockroaches (D:1)
  3 goblins (D:1)
  2 hobgoblins (D:1)
  A quokka (D:1)
  5 ball pythons (D:1)
  A frilled lizard (D:1)
  A kobold (D:1)
  2 rats (D:1)
21 creatures vanquished.

Vanquished Creatures (collateral kills)
  A goblin (D:1)
  A quokka (D:1)
2 creatures vanquished.

Grand Total: 23 creatures vanquished

Notes
Turn   | Place    | Note
-------+----------+-------------------------------------------
     0 | D:1      | Arex the Demonspawn Wanderer began the quest for the Orb.
     0 | D:1      | Arex set off with the following items: a +0 dagger, a
                  | scroll of blinking, a +0 robe, a scroll of teleportation;
                  | and the following spells available to memorise: Summon
                  | Small Mammal, Call Canine Familiar, Foxfire, Summon
                  | Guardian Golem, Inner Flame.
     0 | D:1      | Reached XP level 1. HP: 15/15 MP: 3/3
     2 | D:1      | Learned a level 1 spell: Summon Small Mammal
   298 | D:1      | Gained mutation: Spells you cast may paralyse adjacent
                  | enemies. [demonic ancestry]
   298 | D:1      | Reached XP level 2. HP: 18/21 MP: 5/5
  1109 | D:$      | Got out of the dungeon alive.

Illustrated notes

Levels and vault maps discovered:
D:1:      dpeg_arrival_castle, layout_loops_ring, nicolae_houndstooth_variations

Skill      XL: |  1  2 |
---------------+-------+-----
Fighting       | 2 |  2.5
Spellcasting   | |  2.1
Summonings     | |  4.0
Fire Magic     | |  1.9
Evocations     | |  1.2

Action                     || total
---------------------------++-------
  Melee: Dagger            ||    85
         Punch             ||     3
   Cast: Summon Small Mamm ||    28
   Stab: Sleeping          ||     2
         Paralysed         ||     4
 Armour: Robe              ||    41
  Dodge: Dodged            ||    48

Table legend: (Time is in decaauts)
 A = Elapsed time spent in this place.
 B = Non-inter-level travel time spent in this place.
 C = Inter-level travel time spent in this place.
 D = Time resting spent in this place.
 E = Time spent auto-exploring this place.
 F = Levels seen in this place.
 G = Mean time per level.
                   A        B        C        D        E       F      G
               +--------+--------+--------+--------+--------+-----+--------+
         Total |   1112 |   1098 |     14 |     19 |    890 |   1 | 1112.0 |
       Dungeon |   1112 |   1098 |     14 |     19 |    890 |   1 | 1112.0 |
               +--------+--------+--------+--------+--------+-----+--------+

Top non-repeatable levels by time:
     D:1: 1112 daAuts
